 Dungeon Crawl Stone Soup version 0.21-a0-2-ge494091 (webtiles) character file.

42 Lexie the Firebug (level 3, 0/21 HPs)
             Began as an Octopode Fire Elementalist on May 22, 2017.
             Succumbed to an adder's poison
             ... on level 2 of the Dungeon.
             The game lasted 00:02:05 (1537 turns).

Lexie the Firebug (Octopode Fire Elementalist)      Turns: 1537, Time: 00:02:06

Health: 0/21       AC:  1    Str:  7    XL:     3   Next: 56%
Magic:  1/6        EV: 13    Int: 18    God:
Gold:   71         SH:  0    Dex: 12    Spells: 6/7 levels left

rFire    . . .     SeeInvis .   (no weapon)
rCold    . . .     Gourm    .   (no shield)
rNeg     . . .     Faith    .   (helmet restricted)
rPois    .         Spirit   .   (no amulet)
rElec    .         Reflect  .   (no ring)
rCorr    .         Harm     .   (no ring)
MR       .....                  (no ring)
Stlth    +++.......             (no ring)
Regen    0.1/turn               (no ring)
MPRegen  0.1/turn               (no ring)
                                (no ring)
                                (no ring)

@: lethally poisoned (0 -> -5), very slightly contaminated
A: almost no armour, stealthy swim, amphibious, 8 rings, constrict 8, camouflage
1, gelatinous body 1
a: no special abilities


You were on level 2 of the Dungeon.
You were not hungry.

You visited 1 branch of the dungeon, and saw 2 of its levels.

You collected 71 gold pieces.

Inventory:

Scrolls
 d - a scroll of random uselessness {unknown}
Books
 a - a book of Flames

   Spells                             Type                      Level
   a - Flame Tongue                   Conjuration/Fire             1
   b - Throw Flame                    Conjuration/Fire             2
   c - Conjure Flame                  Conjuration/Fire             3
   d - Inner Flame                    Hexes/Fire                   3
   e - Sticky Flame                   Conjuration/Fire             4
   f - Fireball                       Conjuration/Fire             5
Comestibles
 b - 4 bread rations
 c - 3 chunks of flesh
 f - 3 fruits


   Skills:
 - Level 2.0 Dodging
 - Level 2.6 Stealth
 + Level 2.6 Spellcasting
 + Level 1.9 Conjurations
 + Level 3.6 Fire Magic


You had 6 spell levels left.
You knew the following spells:

 Your Spells              Type           Power        Failure   Level  Hunger
a - Flame Tongue          Conj/Fire      ##...        5%          1    #......


Dungeon Overview and Level Annotations

Branches:
Dungeon (2/15)

Altars:


Innate Abilities, Weirdness & Mutations

You cannot wear most types of armour.
You are very stealthy in the water. (Stealth+)
You are amphibious.
You can wear up to eight rings at the same time.
You can use your tentacles to constrict eight enemies at once.
Your skin changes colour to match your surroundings (Stealth+).
Your rubbery body absorbs attacks. (AC +1, EV +1)


Message History

You kill the adder!
* * * LOW HITPOINT WARNING * * *
You feel sick.
There is a lethal amount of poison in your body!
There is a lethal amount of poison in your body!
You aren't carrying any potions.
* * * LOW HITPOINT WARNING * * *
You feel sick.
* * * LOW HITPOINT WARNING * * *
You feel sick.
There is a stone staircase leading up here.
* * * LOW HITPOINT WARNING * * *
You feel sick.
Found a stone staircase leading down.
* * * LOW HITPOINT WARNING * * *
You feel sick.
* * * LOW HITPOINT WARNING * * *
You feel sick.
You see here 9 gold pieces.
You die...

### # #.#.# ##.#.#
####..#.#####
#...........
#..#......>#
###.#_#.#.##.#
.....#.@..##.#
.##.....####.#
..>.....$....#######.
.....................
...........<......#
.....##.####.####.#
......... ...#
..#...........
..#..#..#######


There were no monsters in sight!

Vanquished Creatures
  An adder (D:2)
  A dart slug (D:1)
  4 bats (D:1)
  2 giant cockroaches (D:1)
  8 hobgoblins (D:1)
  A jackal (D:1)
  2 kobolds (D:1)
  4 goblins (D:1)
  5 rats (D:1)
28 creatures vanquished.

Notes
Turn   | Place    | Note
-------+----------+-------------------------------------------
     0 | D:1      | Lexie the Octopode Fire Elementalist began the quest for the Orb.
     0 | D:1      | Reached XP level 1. HP: 11/11 MP: 3/3
    89 | D:1      | Reached XP level 2. HP: 11/17 MP: 0/5
   991 | D:1      | Reached XP level 3. HP: 21/21 MP: 4/6
  1516 | D:2      | Found a faded altar of an unknown god.
  1534 | D:2      | HP: 1/21 [poisoned by an adder]
  1537 | D:2      | Succumbed to an adder's poison

Vault maps used:
D:1:      lightli_arrival_noodles, minmay_domino_4
D:2:      nicolae_overflow_crystal_walls, chequers_ecumenical_altar_simple,
          grunt_decor_arrowhead, nemelex_lonely_heart_becter, uniq_natasha

Action                   || total
-------------------------++-------
Melee: Unarmed           ||    13
       Constrict         ||     3
       Tentacles         ||     1
 Cast: Flame Tongue      ||    45
  Eat: Chunk             ||     2
Armor: Skin              ||     1
Dodge: Dodged            ||    25
